 Dungeon Crawl Stone Soup version 0.26-a0-362-g1d9a9cd4fa (webtiles) character file.

Game seed: 5313302934045022134

0 Gargoyl the Skirmisher (level 1, -15/19 HPs)
             Began as a Palentonga Abyssal Knight on July 18, 2020.
             Was a Follower of Lugonu.
             Demolished by a large abomination (34 damage)
             ... on level 2 of the Abyss.
             The game lasted 00:00:21 (69 turns).

Gargoyl the Skirmisher (Palentonga Abyssal Knight)    Turns: 69, Time: 00:00:22

Health: -15/19     AC:  4    Str: 15    XL:     1   Next: 0%
Magic:  2/2        EV:  9    Int: 12    God:    Lugonu [*.....]
Gold:   34         SH:  0    Dex:  9    Spells: 0/0 levels left

rFire    . . .     SeeInvis +   a - +1 hand axe
rCold    . . .     Faith    .   (no shield)
rNeg     . . .     Spirit   .   b - +0 leather armour
rPois    .         Reflect  .   (no helmet)
rElec    .         Harm     .   (no cloak)
rCorr    .                      (no gloves)
MR       .....                  (boots restricted)
Stlth    +.........             (no amulet)
HPRegen  0.06/turn              (no ring)
MPRegen  0.08/turn              (no ring)

@: very slightly contaminated
A: large, rugged brown scales 3, see invisible, deformed body, roll, armoured
tail
a: Rolling Charge, Depart the Abyss, Renounce Religion


You were on level 2 of the Abyss.
You worshipped Lugonu.
Lugonu was aware of your devotion.
You visited 0 branches of the dungeon, and saw 0 of its levels.
You visited the Abyss 1 time.

You collected 34 gold pieces.

Inventory:

Hand Weapons
 a - a +1 hand axe (weapon)
Armour
 b - a +0 leather armour (worn)


   Skills:
 + Level 3.0 Fighting
 + Level 2.0 Axes
 + Level 1.5 Armour
 + Level 0.7 Dodging
 + Level 2.0 Invocations


You couldn't memorise any spells.
You didn't know any spells.
Your spell library was empty.

Dungeon Overview and Level Annotations

Branches:
Dungeon (0/15)

Altars:


Innate Abilities, Weirdness & Mutations

You are completely covered in rugged brown scales. (AC +3, +7% HP)
You have supernaturally acute eyesight. (SInv)
Armour fits poorly on your strangely shaped body.
You can roll at foes to attack.
You have a long armoured tail.


Message History

Blink to where?
Press: ? - help, Dir - move target cursor Marked for pickup.
You are very lightly contaminated with residual magic.
As you read the scroll labeled GYHOMUAFAE, it crumbles to dust.
It was a scroll of blinking.
d - a scroll labeled SESACU DARO
As you read the scroll labeled SESACU DARO, it crumbles to dust.
The dust glows luminous bronze!
It was a scroll of random uselessness.
A tentacled starspawn comes into view.
A tentacle flies out from the starspawn's body!
A starspawn tentacle comes into view.
Found a murky purple potion.
c - a ring of see invisible (left hand)
Found 17 gold pieces.
You remove your ring of see invisible.
You drop an uncursed ring of see invisible.
The large abomination hits you!!
Ouch! That really hurt!
You die...

##. #.#..... ...
..#..#..###.... ###.$ .
.....##.. ......... . ..
#....#.......#.# #. ...
##...###...###...
....#.....#.....#..... .
...................... .
................:.......
..!....@X.......... ....
$...#.....#.....#.....#.
. ##...###...###...##
#..... ..... .....#
.....................
................... .
..............X......
...#.....#.....#.w. #.
.. ###...###...


You could see a large abomination.

Vanquished Creatures (others)
  2 starspawn tentacles (Abyss:2)
2 creatures vanquished.

Notes
Turn   | Place    | Note
-------+----------+-------------------------------------------
     0 | Abyss:1  | Gargoyl the Palentonga Abyssal Knight began the quest for
                  | the Orb.
     0 | Abyss:1  | Reached XP level 1. HP: 19/19 MP: 2/2
    43 | Abyss:2  | Noticed a large abomination
    61 | Abyss:2  | Noticed a tentacled starspawn
    69 | Abyss:2  | Demolished by a large abomination

Illustrated notes

Levels and vault maps discovered:
Abyss:2:  hangedman_abyss_or_decor_slice, hangedman_abyss_stitches_cave

Action                   || total
-------------------------++-------
  Use: Scroll            ||     3

Table legend:
 A = Non-vault XP
 B = Vault XP
 C = Vault XP percentage of total XP
 D = Non-vault monster count
 E = Vault monster count
 F = Vault count percentage of total count
                 A         B        C        D         E       F
            +---------+---------+-------+---------+---------+-------
      Total |       0 |       0 |   N/A |       0 |       0 |  -nan
            +---------+---------+-------+---------+---------+-------
            +---------+---------+-------+---------+---------+-------
